 Dungeon Crawl Stone Soup version 0.31-a0-963-ga325b2283a (webtiles) character file.

Game seed: 15433128776323843188

139359 LadyBoffin the Slayer (level 17, -8/115 HPs)
             Began as a Kobold Hunter on Oct 24, 2023.
             Was the Champion of Hepliaklqana.
             Mangled by a culicivora (15 damage)
             ... on level 2 of the Spider Nest on Oct 25, 2023.
             The game lasted 03:10:05 (26534 turns).

LadyBoffin the Slayer (Kobold Hunter)              Turns: 26534, Time: 03:10:05

Health: -8/115     AC: -2    Str:  8    XL:     17   Next: 88%
Magic:  0/27       EV: 16    Int: 11    God:    Hepliaklqana [******]
Gold:   1966       SH:  0    Dex: 29    Spells: 21/30 levels left

rFire   + + .        C - +1 arbalest (drain)
rCold   + . .        (shield currently unavailable)
rNeg    . . .        r - +0 leather armour {rPois}
rPois   +            x - +0 helmet of Winesey {rC+}
rElec   +            P - scarf {rC+ rF+}
rCorr   .            Q - +0 pair of gloves
SInv    .            i - +2 pair of boots
Will    +....        s - amulet of guardian spirit
Stlth   +++++        U - ring of the Kappa {Fire rElec Dex+3}
HPRegen 1.19/turn    B - +4 ring of protection
MPRegen 0.20/turn

%: guardian spirit
@: lethally poisoned (-8 -> -30), corroded, held
A: reduced essence, small, no large weapons, nightstalker 3, regeneration 1
a: Renounce Religion, Recall Ancestor, Ancestor Identity, Transference, Idealise


You were on level 2 of the Spider Nest.
You worshipped Hepliaklqana.
Hepliaklqana was exalted by your worship.
You visited 5 branches of the dungeon, and saw 25 of its levels.
You also visited: Gauntlet and Ice Cave.

You collected 2101 gold pieces.
You spent 135 gold pieces at shops.

Inventory:

Hand Weapons
 a - a +0 shortbow of freezing
 b - a +2 dagger of venom
 C - a +1 arbalest of draining (weapon)
 H - a +3 short sword of venom
Armour
 c - a +8 chain mail of ponderousness
 g - a scarf of repulsion
 i - a +2 pair of boots (worn)
 p - an orb of wrath
 r - a +0 leather armour of poison resistance (worn)
 x - the +0 helmet of Winesey (worn) {rC+}
   (You found it on level 5 of the Lair of Beasts)

   rC+:       It protects you from cold.
 M - the +0 scale mail of Elyvilon's Scorn {rC+ Dex+3}
   (You found it on level 10 of the Dungeon)

   Dex+3:     It affects your dexterity (+3).
   rC+:       It protects you from cold.
 O - a +0 hat of willpower
 P - a scarf of resistance (worn)
 Q - a +0 pair of gloves (worn)
Jewellery
 h - a ring of protection from fire
 s - an amulet of guardian spirit (around neck)
 y - a ring of protection from fire
 A - an amulet of magic regeneration
 B - a +4 ring of protection (right hand)
 U - the ring of the Kappa (left hand) {Fire rElec Dex+3}
   (You found it in a Gauntlet)

   [ring of fire]

   Fire:      It enhances your fire magic.
   Dex+3:     It affects your dexterity (+3).
   rF+:       It protects you from fire.
   rC-:       It makes you vulnerable to cold.
   rElec:     It insulates you from electricity.
 W - a ring of poison resistance
Talismans
 o - a beast talisman
 K - a granite talisman
Wands
 t - a wand of flame (95)
 z - a wand of iceblast (24)
 I - a wand of charming (21)
 N - a wand of digging (11)
 R - a wand of acid (9)
 T - a wand of mindburst (13)
 X - a wand of polymorph (3)
Scrolls
 j - a scroll of revelation
 n - 3 scrolls of vulnerability
 w - 4 scrolls of teleportation
 D - 5 scrolls of immolation
 F - a scroll of summoning
 S - 7 scrolls of amnesia
 V - 3 scrolls of fog
 Y - a scroll of brand weapon
Potions
 d - 5 potions of enlightenment
 e - 6 potions of curing
 f - 6 potions of might
 l - 4 potions of mutation
 m - 5 potions of attraction
 q - 6 potions of berserk rage
 u - 2 potions of haste
 v - 4 potions of brilliance
 E - a potion of ambrosia
 G - a potion of magic
Miscellaneous
 k - a phial of floods


   Skills:
 + Level 21.7 Fighting
 - Level 18.0 Ranged Weapons
 - Level 7.0 Armour
 + Level 16.0 Dodging
 - Level 8.0 Stealth
 - Level 7.0 Spellcasting
 * Level 5.3 Hexes
 - Level 2.5 Necromancy
 - Level 3.6 Transmutations
 - Level 8.8 Invocations


You had 21 spell levels left.
You knew the following spells:

 Your Spells              Type           Power      Damage    Failure   Level
a - Wereblood             Tmut           11%        N/A       9%          2
b - Tukima's Dance        Hex            15%        N/A       8%          3
c - Animate Dead          Necr           9%         N/A       63%         4

Your spell library contained the following spells:

 Spells                   Type           Power      Damage    Failure   Level
 Jinxbite                 Hex            30%        N/A       4%          2
 Necrotise                Necr           36%        1d5       9%          1
 Ensorcelled Hibernation  Hex/Ice        18%        N/A       12%         2
 Passwall                 Tmut/Erth      5%         N/A       17%         2
 Sandblast                Erth           6%         2d5       24%         1
 Vampiric Draining        Necr           9%         2d6       26%         3
 Lesser Beckoning         Tloc           6%         N/A       34%         2
 Anguish                  Hex/Necr       6%         N/A       43%         4
 Gell's Gravitas          Tloc           3%         N/A       56%         3
 Stone Arrow              Conj/Erth      6%         3d7       56%         3
 Teleport Other           Tloc           3%         N/A       56%         3
 Dimensional Bullseye     Hex/Tloc       4%         N/A       63%         4
 Summon Mana Viper        Hex/Summ       9%         N/A       92%         5
 Brom's Barrelling Bould  Conj/Erth      3%         2d3       93%         4
 Iskenderun's Mystic Bla  Conj/Tloc      3%         2d3       93%         4
 Agony                    Necr           9%         N/A       93%         5
 Irradiate                Conj/Tmut      3%         3d12      97%         5
 Borgnjor's Vile Clutch   Necr/Erth      3%         N/A       98%         5
 Iskenderun's Battlesphe  Conj           3%         2d6       100%        5
 Summon Forest            Summ/Tloc      1%         N/A       100%        5
 Bombard                  Conj/Erth      1%         9d1       100%        6
 Death Channel            Necr           4%         N/A       100%        6
 Summon Cactus Giant      Summ           1%         N/A       100%        6
 Spellforged Servitor     Conj/Summ      1%         N/A       100%        7


Dungeon Overview and Level Annotations

Branches:
Dungeon (15/15)            Temple (1/1) D:6            Lair (5/5) D:10
 Shoals (0/4) Lair:2       Spider (2/4) Lair:3        Slime (0/5) Lair:5
    Orc (2/2) D:11            Elf (0/3) Orc:2        Vaults (0/5) D:13
 Depths (0/4) D:15          IceCv (visited)         Gauntlet (visited)

Altars:
Ashenzari
Cheibriados
Dithmenos
Elyvilon
Fedhas
Gozag
Hepliaklqana
Kikubaaqudgha
Makhleb
Nemelex Xobeh
Okawaru
Qazlal
Ru
Sif Muna
Trog
Uskayaw
Vehumet
Wu Jian
Xom
Yredelemnul
Zin
The Shining One
Jiyva

Shops:
D:1 ([   D:6 (   Orc:2 *(:[

Annotations:
D:5 3 runed translucent doors, demibob's ghost, novice DECK
D:6 3 runed translucent doors, olddryhag's ghost, novice DsVM
D:8 3 runed translucent doors, Cadnt's ghost, novice MiHu
D:13 exclusion: obsidian statue
Lair:2 2 transporters, Thrassey's ghost, journeyman DsNe


Innate Abilities, Weirdness & Mutations

Your life essence is reduced to manifest your ancestor. (-10% HP)
You are small and have problems with some larger weapons.
You are completely attuned to the shadows.
Your natural rate of healing is unusually fast.


Message History

You shoot a bolt.
The bolt hits the entropy weaver but does no damage.
The entropy weaver is almost dead.
You feel yourself speed up.
Seraphis is no longer moving slowly.
The jumping spider pounces on you.
You are caught in a web!
The jumping spider completely misses you.
The culicivora bites you!!
The culicivora draws strength from your injuries!
The wolf spider hits you!!
The wolf spider bites you but does no damage.
Seraphis blocks the redback's attack.
The culicivora bites Seraphis!
The jumping spider leaps!
The entropy weaver points at you and mumbles some strange words.
The entropic weave corrodes you! The culicivora bites you!
* * * LOW HITPOINT WARNING * * *
The culicivora draws strength from your injuries!
The wolf spider hits you!
* * * LOW HITPOINT WARNING * * *
The wolf spider barely misses you.
The redback bites Seraphis.
The culicivora chitters at the redback.
The redback's wounds heal themselves!
The jumping spider leaps!
You feel better.
The entropy weaver casts a spell at you.
The entropic weave corrodes you! The culicivora bites you!!
* * * LOW HITPOINT WARNING * * *
The culicivora draws strength from your injuries!
The wolf spider closely misses you. The wolf spider bites you.
* * * LOW HITPOINT WARNING * * *
You are lethally poisoned!
The wolf spider poisons you!
Seraphis blocks the redback's attack.
The culicivora chitters at the wolf spider.
The wolf spider is healed somewhat.
Seraphis hits the redback with a +0 broad axe of flaming!
Seraphis burns the redback.
Seraphis misses the wolf spider.
Seraphis closely misses the culicivora.
Seraphis closely misses the entropy weaver.
Seraphis hits the culicivora with a +0 broad axe of flaming!!
Seraphis burns the culicivora.
The culicivora bites you!
You die...

### #..... #.#####
##..... ...#..###
###.†...> ..^#^...#
#...sss.. .<......#
###..@Rs..
^.......####.##.†.B..
.^##.................
#####................
#......^.........
##...††.........
####...........
#....... #......


You could see the friendly Seraphis the knight (idealised), an entropy weaver, a
wolf spider, 2 culicivoras and a redback (ally target).

Vanquished Creatures
  Mlioglotl (Spider:1)
  Jorgrun (D:15)
  Rupert (D:15)
  A lich (IceCv)
  An emperor scorpion (Spider:2)
  An orc warlord (Orc:1)
  A broodmother (Spider:1)
  A very ugly thing (D:14)
  Nessos (D:15)
  A minotaur (Gauntlet)
  A spark wasp (Spider:1)
  A caustic shrike simulacrum (IceCv)
  10 hydras
  6 centaur warriors
  A death knight (D:15)
  2 radroaches (Spider:1)
  6 boulder beetles
  A catoblepas (Lair:5)
  12 death yaks
  A demonic crawler (Spider:1)
  5 orc high priests
  2 tengu warriors
  Urug (D:11)
  Sonja (D:11)
  2 sun moths (Spider:1)
  3 pharaoh ants (Spider:1)
  4 bog bodies (IceCv)
  An orb spider (Spider:1)
  2 spriggan simulacra (IceCv)
  2 steelbarb worms
  2 lindwurms (Lair:5)
  A necromancer (IceCv)
  3 orc knights (Orc:2)
  A phantasmal warrior (D:15)
  4 deep elf pyromancers
  14 ugly things
  A wolf spider zombie (Gauntlet)
  7 wolf spiders
  7 manticores
  3 cyclopes
  8 elephants (Lair:5)
  3 black mambas
  A centaur zombie (Gauntlet)
  3 torpor snails
  A rust devil (Gauntlet)
  3 moths of wrath
  9 cane toads
  Joseph (D:10)
  6 komodo dragons
  A rime drake (Lair:4)
  2 anaconda simulacra (IceCv)
  2 kobold demonologists (D:13)
  2 golden dragon simulacra (IceCv)
  4 trolls
  11 freezing wraiths (IceCv)
  2 polar bears
  An alligator simulacrum (IceCv)
  A wind drake (Lair:2)
  2 hornets
  18 blink frogs
  4 tarantellas
  4 slime creatures (D:13)
  13 dream sheep
  6 jumping spiders
  4 wraiths
  A ynoxinul (Gauntlet)
  2 wyverns
  4 culicivoras
  5 basilisks
  Grum (D:8)
  35 yaks
  2 minotaur simulacra (IceCv)
  12 redbacks
  6 dire elephant simulacra (IceCv)
  7 vampire mosquitoes
  2 harpy simulacra (IceCv)
  An acid dragon (D:13)
  4 wargs
  15 water moccasins
  22 orc warriors
  4 sky beasts
  An ettin simulacrum (IceCv)
  An ice beast (D:6)
  5 black bears
  3 ogres
  10 centaurs
  22 wolves
  2 phantoms
  5 kobold brigands
  8 bullfrogs
  2 gnoll sergeants
  4 scorpions
  2 wights (D:7)
  2 lindwurm simulacra (IceCv)
  11 killer bees
  2 troll zombies (D:11)
  An electric eel (D:12)
  A howler monkey (D:11)
  2 hounds
  6 jellies
  10 orc priests
  3 gnoll boudas
  A sleepcap (D:6)
  Jessica (D:2)
  2 iguanas
  Natasha (thrice) (D:2)
  15 orc wizards
  9 hell rats
  Terence (D:2)
  5 ogre zombies (D:11)
  21 gnolls
  An adder (D:2)
  A white imp (D:6)
  4 ufetubi
  A dart slug (D:4)
  44 orcs
  6 endoplasms
  2 giant cockroaches
  A gnoll zombie (D:11)
  6 goblins
  8 hobgoblins
  3 jackals (D:5)
  4 quokkas
  6 ball pythons
  11 bats
  2 frilled lizards
  2 gnoll skeletons (D:11)
  20 kobolds
  An orc skeleton (D:11)
  16 orc zombies (D:11)
  4 rats
656 creatures vanquished.

Vanquished Creatures (collateral kills)
  Roxanne (D:15)
  A frost giant (D:15)
  A hydra (D:13)
  2 caustic shrike simulacra (IceCv)
  An ogre mage (D:13)
  3 two-headed ogres
  A boulder beetle (Spider:1)
  A tengu warrior (D:15)
  A demonic crawler (Spider:2)
  4 death yaks
  An orc high priest (Orc:2)
  A death drake (Gauntlet)
  An obsidian statue (IceCv)
  A steelbarb worm (Spider:2)
  2 wolf spiders (Spider:1)
  2 ugly things (D:14)
  3 elephants (Lair:5)
  2 black mambas
  2 torpor snails
  A centaur zombie (Gauntlet)
  7 cane toads
  An unseen horror (D:13)
  A rime drake (Lair:2)
  2 komodo dragons
  3 freezing wraiths
  An anaconda simulacrum (IceCv)
  A golden dragon simulacrum (IceCv)
  An ice devil (IceCv)
  4 trolls
  A hornet (Gauntlet)
  3 dream sheep
  2 blink frogs
  A slime creature (D:13)
  A jumping spider (Spider:1)
  A wyvern (Lair:5)
  3 dire elephant simulacra (IceCv)
  A basilisk (Lair:5)
  2 culicivoras (Spider:1)
  6 yaks
  4 vampire mosquitoes
  A minotaur simulacrum (IceCv)
  4 redbacks
  2 water moccasins
  A black bear (D:7)
  An ice beast (D:7)
  5 orc warriors
  4 wolves
  An ogre (Orc:2)
  3 centaurs
  2 phantoms (D:11)
  4 kobold brigands
  3 bullfrogs
  A wight (D:7)
  3 killer bees
  A lindwurm simulacrum (IceCv)
  An orc priest (D:10)
  5 iron imps
  5 orc wizards
  A hell rat (Lair:2)
  An ogre zombie (D:11)
  5 gnolls
  A shadow imp (D:13)
  18 orcs
  2 endoplasms (Lair:5)
  3 kobolds
  5 orc zombies (D:11)
161 creatures vanquished.

Vanquished Creatures (others)
  18 knights
  4 ancestors
22 creatures vanquished.

Grand Total: 839 creatures vanquished

Notes
Turn   | Place    | Note
-------+----------+-------------------------------------------
     0 | D:1      | LadyBoffin the Kobold Hunter began the quest for the Orb.
     0 | D:1      | Reached XP level 1. HP: 12/12 MP: 1/1
    51 | D:1      | Found Jewib's Antique Armour Boutique.
   123 | D:1      | Found Ride's Antique Weapon Emporium.
   131 | D:1      | Reached XP level 2. HP: 17/17 MP: 2/2
   420 | D:1      | Reached XP level 3. HP: 22/22 MP: 3/3
  1154 | D:2      | Noticed Terence
  1189 | D:2      | Killed Terence
  1190 | D:2      | Reached XP level 4. HP: 15/27 MP: 4/4
  1622 | D:2      | Noticed Jessica
  1655 | D:2      | Killed Jessica
  1755 | D:2      | Found a shimmering altar of Xom.
  1870 | D:2      | Noticed Natasha
  1872 | D:2      | Killed Natasha
  1873 | D:2      | Reached XP level 5. HP: 32/32 MP: 5/5
  1899 | D:2      | Noticed Natasha
  1910 | D:2      | Killed Natasha
  1911 | D:2      | Reached skill level 3 in Fighting
  2019 | D:2      | Noticed Natasha
  2022 | D:2      | Killed Natasha
  2023 | D:2      | Reached skill level 1 in Armour
  2107 | D:3      | Noticed an ogre
  2110 | D:3      | Killed an ogre
  2111 | D:3      | Reached XP level 6. HP: 37/37 MP: 6/6
  2330 | D:3      | Reached XP level 7. HP: 26/41 MP: 7/7
  3390 | D:4      | Found a radiant altar of Vehumet.
  3503 | D:4      | Reached skill level 4 in Fighting
  3867 | D:5      | Entered Level 5 of the Dungeon
  3956 | D:5      | Reached skill level 10 in Ranged Weapons
  3961 | D:5      | Reached XP level 8. HP: 46/48 MP: 8/8
  4825 | D:5      | Found a runed translucent gate.
  4826 | D:5      | Found a runed translucent gate.
  4827 | D:5      | Found a runed translucent gate.
  4828 | D:5      | Noticed demibob's ghost (novice DECK)
  5158 | D:6      | Reached skill level 5 in Fighting
  5171 | D:6      | Reached XP level 9. HP: 49/54 MP: 9/9
  5441 | D:6      | Found Kiov's Antique Weapon Shop.
  5448 | D:6      | Bought an arbalest for 135 gold pieces
  5471 | D:6      | Found a staircase to the Ecumenical Temple.
  5509 | Temple   | Entered the Ecumenical Temple
  5580 | Temple   | Became a worshipper of Hepliaklqana the Forgotten
  5702 | D:6      | Reached skill level 5 in Dodging
  5760 | D:6      | Reached skill level 5 in Stealth
  5988 | D:6      | Found a runed translucent gate.
  5989 | D:6      | Found a runed translucent gate.
  5990 | D:6      | Found a runed translucent gate.
  6358 | D:6      | Noticed olddryhag's ghost (novice DsVM)
  6427 | D:7      | Reached * piety under Hepliaklqana
  6453 | D:7      | Reached skill level 6 in Fighting
  6478 | D:7      | Reached XP level 10. HP: 29/54 MP: 3/10
  6880 | D:8      | Reached skill level 7 in Fighting
  7213 | D:8      | Found a runed translucent gate.
  7258 | D:8      | Found a runed translucent gate.
  7259 | D:8      | Found a runed translucent gate.
  7260 | D:8      | Noticed Cadnt's ghost (novice MiHu)
  7263 | D:8      | Noticed a kobold demonologist
  7284 | D:8      | Noticed Grum
  7288 | D:8      | Killed Grum
  7999 | D:9      | Found a blossoming altar of Fedhas.
  8005 | D:9      | Found a shimmering blue altar of Sif Muna.
  8007 | D:9      | Found an ornate altar of the Wu Jian Council.
  8008 | D:9      | Found a shimmering altar of Xom.
  8013 | D:9      | Found a faded altar of an unknown god.
  8298 | D:10     | Entered Level 10 of the Dungeon
  8307 | D:10     | Found a sacrificial altar of Ru.
  8463 | D:10     | Identified the +0 scale mail of Elyvilon's Scorn {rC+
                  | Dex+3}
  8561 | D:10     | Reached XP level 11. HP: 61/61 MP: 11/11
  8580 | D:10     | Reached ** piety under Hepliaklqana
  8581 | D:10     | Remembered your ancestor Seraphis as a knight
  8607 | D:10     | Noticed a two-headed ogre
  8611 | D:10     | Killed a two-headed ogre
  8612 | D:10     | Reached skill level 8 in Fighting
  8612 | D:10     | Reached skill level 15 in Ranged Weapons
  8628 | D:10     | Found a staircase to the Lair.
  8824 | D:10     | Noticed Joseph
  8830 | D:10     | Killed Joseph
  9582 | D:11     | Noticed Urug
  9588 | D:11     | Killed Urug
  9589 | D:11     | Reached skill level 9 in Fighting
  9768 | D:11     | Identified a scroll of acquirement
  9768 | D:11     | Acquired a manual of Fighting
  9817 | D:11     | Noticed Sonja
  9821 | D:11     | Killed Sonja
  9891 | D:11     | Found a staircase to the Orcish Mines.
 10058 | D:11     | Reached skill level 10 in Fighting
 10202 | D:11     | Noticed a cyclops
 10206 | D:11     | Killed a cyclops
 10214 | Orc:1    | Entered Level 1 of the Orcish Mines
 10318 | Orc:1    | Reached XP level 12. HP: 67/70 MP: 9/12
 10407 | Orc:2    | Entered Level 2 of the Orcish Mines
 10418 | Orc:2    | Noticed an orc high priest
 10574 | Orc:2    | Noticed an orc high priest
 10575 | Orc:2    | Reached skill level 11 in Fighting
 10690 | Orc:2    | Noticed an orc warlord
 10853 | Lair:1   | Entered Level 1 of the Lair of Beasts
 10874 | Lair:1   | Reached skill level 5 in Armour
 10913 | Lair:1   | Reached *** piety under Hepliaklqana
 10994 | Lair:1   | Reached skill level 12 in Fighting
 10999 | Lair:1   | Reached skill level 1 in Invocations
 11780 | Lair:2   | Found a transporter.
 11831 | Lair:3   | Noticed a death yak
 11833 | Lair:3   | Noticed a death yak
 11833 | Lair:3   | Noticed a death yak
 11934 | Lair:2   | Reached skill level 13 in Fighting
 11963 | Lair:2   | Found a transporter.
 12063 | Lair:2   | Reached XP level 13. HP: 79/79 MP: 13/15
 12181 | Lair:2   | Found a staircase to the Shoals.
 12200 | Lair:2   | Reached skill level 14 in Fighting
 12200 | Lair:2   | Reached skill level 10 in Dodging
 12529 | Lair:2   | Reached **** piety under Hepliaklqana
 12745 | Lair:2   | Noticed a six-headed hydra
 12936 | Lair:2   | Noticed Thrassey's ghost (journeyman DsNe)
 13083 | Lair:2   | Reached skill level 1 in Spellcasting
 13257 | Lair:2   | Reached skill level 15 in Fighting
 13314 | Lair:3   | Noticed a six-headed hydra
 13344 | Lair:3   | Killed a six-headed hydra
 13360 | Lair:3   | Noticed a four-headed hydra
 13364 | Lair:3   | Killed a four-headed hydra
 13521 | Lair:3   | Found a hole to the Spider Nest.
 13903 | Lair:3   | Reached skill level 16 in Fighting
 13911 | Lair:3   | Reached skill level 5 in Invocations
 13911 | Lair:3   | Reached XP level 14. HP: 80/90 MP: 14/18
 15574 | Lair:4   | Reached skill level 17 in Fighting
 15761 | Lair:5   | Entered Level 5 of the Lair of Beasts
 15830 | Lair:5   | Reached ***** piety under Hepliaklqana
 15905 | Lair:5   | Identified the +0 helmet of Winesey {rC+}
 15997 | Lair:5   | Found a viscous altar of Jiyva.
 15998 | Lair:5   | Found a staircase to the Slime Pits.
 16296 | Lair:5   | Reached XP level 15. HP: 97/97 MP: 21/21
 16516 | Lair:5   | Reached skill level 18 in Fighting
 17179 | Lair:5   | Reached skill level 19 in Fighting
 17754 | D:7      | Learned a level 2 spell: Wereblood
 18830 | D:12     | Reached skill level 1 in Transmutations
 19446 | D:13     | Reached skill level 5 in Spellcasting
 19501 | D:13     | Found a gate to the Vaults.
 19537 | D:13     | Found a gate leading to a gauntlet.
 19606 | Gauntlet | Entered a Gauntlet
 19607 | Gauntlet | Found a transporter.
 19640 | Gauntlet | Found a transporter.
 19682 | Gauntlet | Found a transporter.
 19697 | Gauntlet | Found a transporter.
 19698 | Gauntlet | Found a transporter.
 19720 | Gauntlet | Found a transporter.
 19721 | Gauntlet | Found a transporter.
 19907 | Gauntlet | Identified the ring of the Kappa {Fire rElec Dex+3}
 20066 | Gauntlet | Gained mutation: Your natural rate of healing is unusually
                  | fast. [potion of mutation]
 20066 | Gauntlet | Gained mutation: You are weak. (Str -2) [potion of
                  | mutation]
 20066 | Gauntlet | Lost mutation: You are weak. (Str -2) [potion of mutation]
 20248 | D:13     | Reached ****** piety under Hepliaklqana
 20567 | D:14     | Reached XP level 16. HP: 91/104 MP: 20/24
 20760 | D:14     | Found a frozen archway.
 20782 | IceCv    | Entered an ice cave
 21260 | IceCv    | Noticed a lich
 21271 | IceCv    | Killed a lich
 21369 | IceCv    | Learned a level 3 spell: Tukima's Dance
 21375 | IceCv    | Learned a level 4 spell: Animate Dead
 21546 | IceCv    | Found an ancient bone altar of Kikubaaqudgha.
 21629 | IceCv    | Reached skill level 1 in Hexes
 21629 | IceCv    | Reached skill level 1 in Necromancy
 22096 | D:15     | Entered Level 15 of the Dungeon
 22105 | D:15     | Reached skill level 20 in Fighting
 22135 | D:15     | Noticed Jorgrun
 22146 | D:15     | Killed Jorgrun
 22557 | D:15     | Noticed Nessos
 22561 | D:15     | Killed Nessos
 22737 | D:15     | Noticed Roxanne
 22768 | D:15     | Killed Roxanne
 22773 | D:15     | Noticed Rupert
 22779 | D:15     | Killed Rupert
 22780 | D:15     | Reached XP level 17. HP: 111/111 MP: 25/27
 22896 | D:15     | Found an opulent altar of Gozag.
 22944 | D:15     | Identified the +9 war axe of Evyizaj {heavy, rN+}
 22993 | D:15     | Found a staircase to the Depths.
 23007 | D:15     | Reached skill level 15 in Dodging
 23714 | Orc:2    | Found a staircase to the Elven Halls.
 23734 | Orc:2    | Found Loymeukk's General Store.
 23972 | Orc:2    | Found Veomeoj's Book Emporium.
 23997 | Orc:2    | Found Poisoev's Antique Armour Shop.
 24142 | Orc:2    | Found Fiogruwn's Antique Weapon Boutique.
 24593 | Spider:1 | Entered Level 1 of the Spider Nest
 24663 | Spider:1 | Reached skill level 21 in Fighting
 25028 | Spider:1 | Noticed Mlioglotl
 25036 | Spider:1 | Killed Mlioglotl
 25623 | Spider:1 | Reached skill level 5 in Hexes
 26534 | Spider:2 | Mangled by a culicivora

Illustrated notes

Levels and vault maps discovered:
D:1:      dpeg_arrival_arbitrary_a, layout_basic, serial_shops, shop,
          nicolae_shop_tiny_waterfront
D:2:      minmay_door_path, layout_loops_cross, basic_altar,
          minmay_pentomino_z2, uniq_jessica, uniq_terence, uniq_natasha
D:3:      layout_loops_ring
D:4:      layout_basic, mainiacjoe_overflow_catwalk, serial_aquarium,
          aquarium_bridge_square [aquarium_subvault_wall,
          aquarium_subvault_wall, aquarium_subvault_bridge,
          aquarium_subvault_bridge], aquarium_bridge_square
          [aquarium_subvault_bridge, aquarium_subvault_balcony,
          aquarium_subvault_window, aquarium_subvault_wall], aquarium_window_1,
          aquarium_window_1, aquarium_view_2d, aquarium_view_2b,
          aquarium_balcony_5a
D:5:      layout_cave_pools, ebering_ghost_rock_garden
D:6:      layout_basic, minmay_temple_entry_mist, biasface_ghost_orc_armoury,
          serial_shops, nicolae_shop_advertising_works
          [nicolae_subvault_shop_adworks], grunt_decor_arrowhead
D:7:      cheibrodos_fzero, layout_basic
D:8:      layout_basic, gammafunk_ghost_nasty_kobolds, uniq_grum
D:9:      layout_rooms, chequers_temple_overflow_minitemple
D:10:     layout_loops_corners, nicolae_ru_path_of_blood, dpeg_oklobed_lair,
          uniq_joseph
D:11:     layout_long_grid, zombieorc2_lemuel, uniq_sonja, uniq_urug
D:12:     layout_gridville, nicolae_water_bricks
D:13:     kennysheep_kobold_grotto, layout_cave_pools, david_vaults_2,
          gauntlet_entry_generic
D:14:     layout_rooms, chequers_serial_rivers_marsh,
          portal_ice_cave_entry_ugly_swarm
D:15:     grunt_enter_depths_snipers, layout_basic, serial_curves,
          eino_curves_01, eino_curves_04, eino_curves_04, eino_curves_04,
          nicolae_gozag_cash_rules_everything_around_me, grunt_ministairs_11,
          minivault_16, hangedman_abyss_or_decor_lesser_grid,
          minmay_misc_feat_x, uniq_roxanne, uniq_rupert, uniq_nessos,
          uniq_jorgrun
Temple:   kb_temple_of_zot
Lair:1:   layout_big_grid
Lair:2:   layout_long_grid, minmay_shoals_entry_beasts, nzn_ghost_randoct,
          minmay_holes, minivault_24, grunt_megastairs_3,
          infiniplex_staircase_pool, serial_bayou_shore_b
Lair:3:   layout_regular_city, spider_nest_entry_rubble
Lair:4:   layout_roguey, grunt_megastairs_4
Lair:5:   hangedman_lair_in_review, layout_layer_cave, slime_entry_2,
          nicolae_quartered_pool_medium, nicolae_lair_run_with_the_wolves
Spider:1: layout_chambers, nicolae_spider_shape, uniq_mlioglotl
Spider:2: layout_spider_delve
Orc:1:    layout_caves, serial_shops, nicolae_shop_rolled_up, minmay_orc_keep
Orc:2:    grunt_orc_gardens, layout_caves, grunt_orc_garden, grunt_orc_garden,
          grunt_orc_garden, grunt_orc_garden, nicolae_orc_rockfall

Skill      XL: |  1  2  3  4  5  6  7  8  9 10 11 12 13 14 15 16 17 |
---------------+----------------------------------------------------+-----
Ranged Weapons | 6 7 8 10 11 13 14 16 17 18 | 18.0
Fighting       | 3 4 5 6 7 10 13 16 17 19 20 21 | 21.7
Armour         | 1 2 3 4 5 6 7 |  7.0
Dodging        | 3 4 6 7 8 9 11 12 13 14 16 | 16.0
Stealth        | 2 4 6 7 8 |  8.0
Invocations    | 2 5 7 8 |  8.8
Spellcasting   | 2 4 5 7 |  7.0
Transmutations | 3 |  3.6
Hexes          | 2 5 |  5.3
Necromancy     | 2 |  2.5

Action                     |  1- 3 |  4- 6 |  7- 9 | 10-12 | 13-15 | 16-18 || total
---------------------------+-------+-------+-------+-------+-------+-------++-------
   Fire: Shortbow          |    72 |    93 |   233 |       |       |       ||   398
         Arbalest          |       |       |    51 |   474 |   758 |   666 ||  1949
   Cast: Wereblood         |       |       |       |       |       |     1 ||     1
 Invoke: Recall Ancestor   |       |       |     1 |       |     2 |     1 ||     4
         Ancestor Identity |       |       |     1 |       |       |       ||     1
         Ancestor Life: Kn |       |       |       |     1 |       |       ||     1
         Idealise          |       |       |       |       |       |     2 ||     2
  Evoke: Wand              |       |       |       |     1 |       |     3 ||     4
    Use: Scroll            |     1 |     9 |     3 |    10 |     9 |     4 ||    36
         Potion            |       |     1 |     3 |     5 |     9 |     9 ||    27
 Armour: Leather armour    |    14 |    16 |    99 |   122 |   190 |   205 ||   646
         Skin              |       |       |       |       |       |     8 ||     8
  Dodge: Dodged            |    30 |    40 |   173 |   299 |   529 |   609 ||  1680
         Repelled          |       |       |     2 |     1 |       |       ||     3
         Form:             |       |     1 |       |       |       |     1 ||     2
         Beast             |       |     1 |       |       |       |       ||     1
         Statue            |       |       |       |       |       |     1 ||     1

Table legend: (Time is in decaauts)
 A = Elapsed time spent in this place.
 B = Non-inter-level travel time spent in this place.
 C = Inter-level travel time spent in this place.
 D = Time resting spent in this place.
 E = Time spent auto-exploring this place.
 F = Levels seen in this place.
 G = Mean time per level.
                   A        B        C        D        E       F      G
               +--------+--------+--------+--------+--------+-----+--------+
         Total |  26759 |  24164 |   2595 |   3163 |  14744 |  27 |  991.1 |
       Dungeon |  14906 |  12943 |   1963 |   1301 |   8537 |  15 |  993.7 |
        Temple |     75 |      2 |     73 |      0 |      0 |   1 |   75.0 |
          Lair |   6846 |   6421 |    425 |    715 |   4377 |   5 | 1369.2 |
   Spider Nest |   1965 |   1906 |     59 |    277 |   1115 |   2 |  982.5 |
  Orcish Mines |   1507 |   1433 |     74 |    347 |    569 |   2 |  753.5 |
      Ice Cave |    972 |    972 |      0 |    260 |    144 |   1 |  972.0 |
      Gauntlet |    486 |    486 |      0 |    263 |      2 |   1 |  486.0 |
               +--------+--------+--------+--------+--------+-----+--------+

Top non-repeatable levels by time:
  Lair:5: 1830 daAuts
Spider:1: 1731 daAuts
  Lair:3: 1532 daAuts
  Lair:2: 1491 daAuts
     D:6: 1343 daAuts
    D:15: 1339 daAuts
    D:10: 1306 daAuts
     D:4: 1242 daAuts
     D:1: 1221 daAuts
  Lair:4: 1068 daAuts
     D:5: 1021 daAuts
     D:2: 980 daAuts
   IceCv: 972 daAuts
    D:11: 941 daAuts
  Lair:1: 924 daAuts
